 Dungeon Crawl Stone Soup version 0.30-a0-777-ga9a30cbeda (webtiles) character file.

Game seed: 17985434170687119701

63585 AzureAlchemist the Zephyrmancer (level 14, -32/113 HPs)
             Began as a Demigod Air Elementalist on Feb 13, 2023.
             Annihilated by an ettin
             ... wielding a +0 great mace
              (49 damage)
             ... on level 1 of the Orcish Mines on Feb 14, 2023.
             The game lasted 01:57:01 (33419 turns).

AzureAlchemist the Zephyrmancer (DgAE)             Turns: 33419, Time: 01:57:01

Health: -32/113    AC: 31    Str: 13    XL:     14   Next: 31%
Magic:  28/30      EV: 11    Int: 27    God:
Gold:   978        SH:  0    Dex: 10    Spells: 8/29 levels left

rFire   + + .      SeeInvis .    a - +9 falchion of the Building Salmon {venom, rPois rN+ rCorr}
rCold   + . .      Faith    .    O - orb {mayhem}
rNeg    + + +      Spirit   .    q - +10 scale mail of Wisdom {rF+ rC+ rN+ Int-2}
rPois   +          Reflect  .    K - +0 helmet
rElec   .          Harm     .    o - +0 cloak
rCorr   +          Rampage  .    M - +0 pair of gloves
Will    +....                    h - +0 pair of boots Stlth
                                 b - amulet of regeneration
HPRegen 1.18/turn                S - ring of Ashenzari's Supremacy {Fly rF+ rN+ AC+4 Dex-4}
MPRegen 0.22/turn                v - +4 ring of protection

@: flying
A: high MP 1, forlorn, divine attributes
a: no special abilities


You were on level 1 of the Orcish Mines.
You visited 3 branches of the dungeon, and saw 20 of its levels.
You also visited: Ice Cave.

You collected 1504 gold pieces.
You spent 526 gold pieces at shops.

Inventory:

Hand Weapons
 a - the +9 falchion of the Building Salmon (weapon) {venom, rPois rN+ rCorr}
   (You found it on level 4 of the Lair of Beasts)

   rPois:     It protects you from poison.
   rN:        It protects you from negative energy.
   rCorr:     It protects you from acid and corrosion.
Missiles
 j - 22 poisoned darts (quivered)
 E - 4 throwing nets
 H - 3 curare-tipped darts
Armour
 h - a +0 pair of boots (worn)
 o - a +0 cloak (worn)
 q - the +10 scale mail of Wisdom (worn) {rF+ rC+ rN+ Int-2}
   (You found it on level 3 of the Dungeon)

   Int:       It affects your intelligence (-2).
   rF:        It protects you from fire.
   rC:        It protects you from cold.
   rN:        It protects you from negative energy.
 D - a +2 leather armour of willpower
 K - a +0 helmet (worn)
 M - a +0 pair of gloves (worn)
 O - an orb of mayhem (worn)
Magical Staves
 L - a staff of conjuration
Jewellery
 b - an amulet of regeneration (around neck)
 v - a +4 ring of protection (right hand)
 N - a ring of see invisible
 S - the ring of Ashenzari's Supremacy (left hand) {Fly rF+ rN+ AC+4 Dex-4}
   (You bought it in a shop on level 5 of the Dungeon)

   [ring of protection]

   AC:        It affects your AC (+4).
   Dex:       It affects your dexterity (-4).
   rF:        It protects you from fire.
   rN:        It protects you from negative energy.
   Fly:       It grants you flight.
Wands
 e - a wand of roots (10)
 F - a wand of flame (10)
 J - a wand of mindburst (5)
 R - a wand of paralysis (11)
 U - a wand of polymorph (1)
 Y - a wand of digging (7)
Scrolls
 c - 2 scrolls of vulnerability
 d - a scroll of silence
 i - 9 scrolls of teleportation
 k - 2 scrolls of immolation
 l - 5 scrolls of amnesia
 p - 6 scrolls of fear
 t - a scroll of summoning {unknown}
 y - 2 scrolls of blinking
 A - 4 scrolls of enchant weapon
 C - 4 scrolls of poison
 G - a scroll of acquirement {unknown}
 P - 3 scrolls of enchant armour
 Q - 2 scrolls of fog {unknown}
 T - a scroll of brand weapon {unknown}
 X - a scroll of magic mapping
Potions
 f - 4 potions of might {unknown}
 g - 2 potions of degeneration {unknown}
 m - 5 potions of curing {unknown}
 n - 2 potions of brilliance {unknown}
 r - 8 potions of heal wounds
 s - 3 potions of magic
 u - 2 potions of attraction {unknown}
 w - 3 potions of lignification {unknown}
 x - 4 potions of berserk rage {unknown}
 z - 4 potions of mutation {unknown}
 B - 2 potions of cancellation {unknown}
 I - 4 potions of haste {unknown}
Miscellaneous
 W - a phial of floods (inert)


   Skills:
 - Level 7.0 Fighting
 - Level 7.0 Armour
 - Level 7.0 Dodging
 - Level 1.7 Stealth
 - Level 8.0 Spellcasting
 - Level 0.8 Conjurations
 - Level 8.0 Hexes
 + Level 9.2 Necromancy
 - Level 8.0 Fire Magic
 - Level 10.0 Air Magic
 + Level 9.2 Earth Magic


You had 8 spell levels left.
You knew the following spells:

 Your Spells              Type           Power      Damage    Failure   Level
a - Shock                 Conj/Air       100%       1d9       2%          1
b - Swiftness             Air            59%        N/A       1%          3
c - Airstrike             Air            29%        2d(5-21)  3%          4
d - Inner Flame           Hex/Fire       52%        N/A       2%          3
e - Borgnjor's Vile Clut  Necr/Erth      28%        N/A       13%         5
f - Freezing Cloud        Conj/Ice/Air   15%        6-21      78%         5

Your spell library contained the following spells:

 Spells                   Type           Power      Damage    Failure   Level
 Necrotise                Necr           100%       1d9       1%          1
 Sandblast                Erth           100%       2d20      1%          1
 Vampiric Draining        Necr           57%        2d10      1%          3
 Static Discharge         Conj/Air       80%        2-6/arc   3%          2
 Passwall                 Tmut/Erth      29%        N/A       4%          2
 Animate Dead             Necr           57%        N/A       4%          4
 Ensorcelled Hibernation  Hex/Ice        64%        N/A       6%          2
 Anguish                  Hex/Necr       27%        N/A       6%          4
 Leda's Liquefaction      Hex/Erth       27%        N/A       6%          4
 Stone Arrow              Conj/Erth      76%        3d11      8%          3
 Agony                    Necr           57%        N/A       13%         5
 Apportation              Tloc           20%        N/A       21%         1
 Summon Small Mammal      Summ           40%        N/A       21%         1
 Ignite Poison            Fire/Tmut/Pois 25%        N/A       22%         3
 Animate Armour           Summ/Erth      70%        N/A       30%         4
 Flame Wave               Conj/Fire      34%        2d10      32%         4
 Sticky Flame             Conj/Fire      34%        2d5       32%         4
 Gell's Gravitas          Tloc           10%        N/A       52%         3
 Ozocubu's Armour         Ice            10%        N/A       52%         3
 Teleport Other           Tloc           10%        N/A       52%         3
 Death Channel            Necr           28%        N/A       56%         6
 Metabolic Englaciation   Hex/Ice        16%        N/A       73%         5
 Simulacrum               Ice/Necr       17%        N/A       99%         6
 Dispersal                Tloc           5%         N/A       100%        6
 Enfeeble                 Hex            26%        N/A       100%        7
 Ignition                 Fire           26%        3d9       100%        8
 Lehudib's Crystal Spear  Conj/Erth      19%        10d6      100%        8
 Polar Vortex             Ice            5%         N/A       100%        9


Dungeon Overview and Level Annotations

Branches:
Dungeon (13/15)              Lair (5/5) D:9          Shoals (0/4) Lair:3
  Snake (0/4) Lair:3        Slime (0/5) Lair:5          Orc (2/2) D:9
    Elf (0/3) Orc:2         IceCv (visited)
 Temple: D:4-7       Vaults: D:13-14

Shops:
D:2 =   D:5 (=(=   D:6 *   Orc:1 :   Orc:2 :

Portals:
Abyss: Lair:2

Annotations:
D:5 1 runed translucent door, exclusion: door
D:6 exclusions: door and 1 more exclusion, Maggie


Innate Abilities, Weirdness & Mutations

You have an increased reservoir of magic. (+10% MP)
You shall have no god before yourself.
Your divine heritage dramatically boosts your attributes as you level up.


Message History

The ogre closely misses you.
You fly upwards.
There is a stone staircase leading down, spattered with blood here.
The orc wizard hits you but does no damage.
Casting: Inner Flame (mildly dangerous; 2% risk of failure)
Confirm with . or Enter, or press ? or * to list all spells.
Aiming: Inner Flame (mildly dangerous; 2% risk of failure)
Press: ? - help, Dir - move target, f - orc wizard
Aim: an orc wizard, wielding a +0 dagger and wearing a +0 robe (chance to affect: 94%)
The orc wizard is filled with an inner flame.
The orc wizard hits you but does no damage.
The ettin hits you but does no damage. x2
You slash the orc wizard!
Flame seeps out of the orc wizard.
The orc wizard looks as sick as possible!
The orc wizard is heavily wounded.
Flame seeps out of the orc wizard. x2; The ogre misses you.
The orc wizard is engulfed in blazing flames.
The ettin flies into a frenzy!
The orc wizard explodes!
The fiery explosion engulfs the ettin!!
The ettin is heavily wounded.
The fiery explosion engulfs you. You resist.
The fiery explosion engulfs the ogre!!
The ogre is severely wounded.
The ettin is engulfed in blazing flames.
The ettin hits you with a +0 great mace!!
The ettin hits you but does no damage.
The ettin is engulfed in blazing flames.
The ogre is engulfed in blazing flames.
You kill the ogre!
The ettin is engulfed in blazing flames.
The ettin hits you with a +0 great mace!
The ettin hits you with a +0 dire flail!!
You hit the ettin.
The ettin is poisoned.
The ettin is severely wounded.
The ettin is engulfed in blazing flames.
The ettin hits you with a +0 great mace!!
* * * LOW HITPOINT WARNING * * *
The ettin hits you with a +0 dire flail!!!
You die...

##.#.......####.....#
#.......#)[#.###....#
###............###...#
##.##...#......## #####
##.......##......##
##.......###.......##
#........#<###)...#.#
#.................###
##.#####@§§#......# ###
###...##C°§.....####.##
#.8.8.#§§§..#### #...##
#_....[..÷..# #.....
#.8.8.#.....# ####....
##...##....#####..#....
#####......#.#........
##.........#..........
###.....................


You could see a neutral ettin (fast, strong, insane, very poisoned).

Vanquished Creatures
  Rupert (Lair:5)
  Kirke (D:12)
  Josephine (Lair:5)
  Harold (Orc:1)
  4 hydras
  2 centaur warriors (D:13)
  3 two-headed ogres
  A boulder beetle (D:13)
  An orc high priest (Orc:1)
  2 death yaks (Lair:2)
  Sonja (Lair:3)
  Amaemon (Lair:1)
  Nergalle (Lair:1)
  A skyshark (Lair:1)
  2 lindwurms
  A deep elf pyromancer (D:13)
  3 ugly things
  An orc knight (Orc:1)
  4 cyclopes
  An orc sorcerer (Orc:1)
  3 manticores
  A torpor snail (Lair:5)
  6 cane toads
  An ice statue (IceCv)
  A black mamba (Lair:4)
  An unseen horror (D:10)
  4 rime drakes
  A kobold demonologist (D:13)
  2 freezing wraiths (IceCv)
  An efreet (D:13)
  5 yaktaurs (D:12)
  An orange demon (Lair:1)
  2 anaconda simulacra (IceCv)
  13 ice devils
  3 komodo dragons
  5 trolls
  Grinder (D:5)
  6 hornets
  A wind drake (Lair:3)
  3 meliai (D:13)
  4 polar bears
  4 blink frogs (Lair:1)
  6 dream sheep
  3 water elementals (D:13)
  A ynoxinul (D:10)
  13 spriggans (Lair:5)
  35 yaks
  2 shadows
  3 wyverns
  A dire elephant simulacrum (IceCv)
  3 slime creatures
  A vampire (D:11)
  7 wraiths
  4 hogs (D:12)
  2 humans (D:12)
  3 basilisks
  3 death yak simulacra (IceCv)
  A steam dragon (D:7)
  9 vampire mosquitoes
  Menkaure (D:7)
  Edmund (D:5)
  2 wargs (Orc:1)
  10 water moccasins
  3 hydra simulacra (IceCv)
  2 two-headed ogre zombies (D:9)
  3 acid dragons
  Duvessa (D:5)
  A sky beast (D:7)
  10 black bears
  12 orc warriors
  9 centaurs
  15 wolves
  9 ogres
  4 boggarts (Lair:5)
  2 phantoms
  15 bullfrogs
  3 kobold brigands
  A necrophage (D:3)
  3 scorpions
  A two-headed ogre simulacrum (IceCv)
  5 cane toad simulacra (IceCv)
  A gnoll sergeant (D:10)
  Dowan (D:5)
  3 wights (D:7)
  A troll zombie (D:9)
  3 elephant simulacra (IceCv)
  6 killer bees (D:8)
  5 howler monkeys
  3 electric eels
  A quasit (D:8)
  An iron imp (D:7)
  3 hounds
  16 orc priests
  3 jellies
  An iguana (D:7)
  Ijyb (D:5)
  Natasha (thrice) (D:4)
  19 orc wizards
  5 polar bear simulacra (IceCv)
  2 spriggan simulacra (IceCv)
  3 wolf simulacra (IceCv)
  5 ogre zombies (D:9)
  26 gnolls
  8 adders
  2 naga simulacra (IceCv)
  2 shadow imps
  5 white imps
  4 ufetubi
  3 worms
  2 dart slugs
  60 orcs
  4 ball pythons (D:2)
  2 bats
  3 endoplasms
  3 giant cockroaches
  3 goblins
  4 hobgoblins
  17 jackals
  12 kobolds
  3 quokkas
  5 frilled lizards
  A goblin skeleton (D:9)
  3 goblin zombies (D:9)
  3 hobgoblin skeletons (D:9)
  3 hobgoblin zombies (D:9)
  3 orc skeletons (D:9)
  10 orc zombies (D:9)
  4 rats
593 creatures vanquished.

Vanquished Creatures (collateral kills)
  Erolcha (D:9)
  A death yak (Lair:2)
  A necromancer (IceCv)
  2 ice devils
  A dream sheep (Lair:5)
  3 yaks
  A vampire mosquito (D:12)
  An elephant simulacrum (IceCv)
  2 orc wizards
  3 gnolls
  2 orcs (D:9)
  2 orc zombies (D:9)
20 creatures vanquished.

Vanquished Creatures (others)
  An ugly thing (D:13)
  An orc warrior (D:9)
  2 orcs
  4 demonic plants (D:8)
  27 fungi
  A lurking horror (Lair:2)
  41 plants
77 creatures vanquished.

Grand Total: 690 creatures vanquished

Notes
Turn   | Place    | Note
-------+----------+-------------------------------------------
     0 | D:1      | AzureAlchemist the Demigod Air Elementalist began the quest
                  | for the Orb.
     0 | D:1      | Reached XP level 1. HP: 14/14 MP: 5/5
  1217 | D:2      | Reached XP level 2. HP: 20/20 MP: 4/8
  1839 | D:2      | Reached XP level 3. HP: 26/26 MP: 8/10
  1879 | D:2      | Found Jeto's Jewellery Emporium.
  2010 | D:2      | Learned a level 3 spell: Swiftness
  2138 | D:2      | Reached skill level 3 in Air Magic
  2233 | D:3      | Identified the +10 scale mail of Wisdom {rF+ rC+ rN+ Int-2}
  3271 | D:4      | Reached XP level 4. HP: 31/33 MP: 6/11
  3276 | D:4      | Learned a level 4 spell: Airstrike
  3370 | D:4      | Reached skill level 4 in Air Magic
  3503 | D:4      | Noticed Natasha
  3513 | D:4      | Killed Natasha
  3568 | D:4      | Noticed Natasha
  3579 | D:4      | Killed Natasha
  3693 | D:4      | Reached XP level 5. HP: 34/38 MP: 5/12
  3696 | D:4      | Reached skill level 5 in Air Magic
  3880 | D:4      | Reached skill level 6 in Air Magic
  3880 | D:4      | Reached XP level 6. HP: 45/45 MP: 9/13
  3921 | D:4      | Noticed Natasha
  3930 | D:4      | Killed Natasha
  4364 | D:5      | Entered Level 5 of the Dungeon
  4459 | D:5      | Found Ydghobb's Weapon Shop.
  4479 | D:5      | Found Zasoumm's Jewellery Emporium.
  4481 | D:5      | Noticed Grinder
  4481 | D:5      | Noticed Duvessa
  4481 | D:5      | Noticed Dowan
  4529 | D:5      | Found a runed translucent door.
  4542 | D:5      | Found Gusosch's Jewellery Boutique.
  4595 | D:5      | Killed Grinder
  4596 | D:5      | Reached skill level 7 in Air Magic
  4596 | D:5      | Reached XP level 7. HP: 17/50 MP: 6/14
  4598 | D:5      | Killed Duvessa
  4614 | D:5      | Killed Dowan
  4792 | D:5      | Reached skill level 8 in Air Magic
  4836 | D:5      | Reached skill level 1 in Armour
  5230 | D:5      | Noticed Ijyb
  5341 | D:5      | Killed Ijyb
  5415 | D:5      | Found Barchuale's Weapon Boutique.
  5923 | D:5      | Reached XP level 8. HP: 57/57 MP: 10/15
  6032 | D:5      | Noticed Edmund
  6035 | D:5      | Killed Edmund
  6091 | D:5      | Reached skill level 5 in Armour
  8079 | D:6      | Found Xuji's Overcharged Wands.
  8208 | D:6      | Noticed Maggie
  8585 | D:6      | Learned a level 3 spell: Inner Flame
  9148 | D:6      | Reached skill level 1 in Hexes
  9148 | D:6      | Reached skill level 1 in Fire Magic
  9690 | D:7      | Reached XP level 9. HP: 47/62 MP: 11/16
 10608 | D:7      | Noticed Menkaure
 10672 | D:7      | Killed Menkaure
 11932 | D:8      | Reached skill level 5 in Hexes
 11932 | D:8      | Reached skill level 5 in Fire Magic
 13558 | D:9      | Found a staircase to the Lair.
 13583 | D:9      | Reached skill level 5 in Spellcasting
 13583 | D:9      | Reached XP level 10. HP: 18/69 MP: 1/21
 14201 | D:9      | Noticed Erolcha
 14206 | D:9      | Killed Erolcha
 14253 | D:9      | Found a staircase to the Orcish Mines.
 14833 | Lair:1   | Entered Level 1 of the Lair of Beasts
 15189 | Lair:1   | Noticed Nergalle
 15201 | Lair:1   | Killed Nergalle
 15532 | Lair:1   | Reached skill level 9 in Air Magic
 15974 | Lair:1   | Reached XP level 11. HP: 71/74 MP: 12/27
 16081 | Lair:1   | Noticed Amaemon
 16149 | Lair:1   | Killed Amaemon
 16150 | Lair:1   | Reached skill level 10 in Air Magic
 16150 | Lair:1   | HP: 3/74 [poisoned by Amaemon]
 16813 | D:5      | Bought the ring of Ashenzari's Supremacy {Fly rF+ rN+ AC+4
                  | Dex-4} for 526 gold pieces
 16959 | Lair:2   | Noticed a lindwurm
 16966 | Lair:1   | Killed a lindwurm
 17086 | Lair:2   | Noticed an eight-headed hydra
 17103 | Lair:2   | Killed an eight-headed hydra
 17264 | Lair:2   | Noticed a skyshark
 17423 | Orc:1    | Entered Level 1 of the Orcish Mines
 17601 | Orc:1    | Found Yvijek's Book Boutique.
 18013 | Orc:1    | Noticed Harold
 18052 | Orc:1    | Killed Harold
 18190 | Orc:1    | Noticed an orc high priest
 18209 | Orc:1    | Killed an orc high priest
 18657 | Orc:1    | Noticed an orc knight
 18861 | Orc:1    | Killed an orc knight
 18977 | Orc:2    | Entered Level 2 of the Orcish Mines
 18977 | Orc:2    | Found Roehed's Book Emporium.
 18977 | Orc:2    | Found a staircase to the Elven Halls.
 18979 | Orc:2    | Noticed an ettin
 19084 | D:10     | Entered Level 10 of the Dungeon
 19326 | D:10     | Got Sif Muna's Treatise on Ill Luck
 19418 | D:10     | Reached skill level 1 in Fighting
 20059 | D:11     | Reached XP level 12. HP: 70/85 MP: 28/28
 20113 | D:11     | Learned a level 5 spell: Freezing Cloud
 21471 | D:12     | Reached skill level 5 in Dodging
 21473 | D:12     | Found a frozen archway.
 21753 | IceCv    | Entered an ice cave
 22048 | IceCv    | Reached skill level 5 in Fighting
 23746 | IceCv    | Learned a level 5 spell: Borgnjor's Vile Clutch
 24027 | D:12     | Reached skill level 1 in Necromancy
 24027 | D:12     | Reached skill level 1 in Earth Magic
 24328 | D:12     | Reached XP level 13. HP: 105/105 MP: 26/29
 24493 | D:12     | Noticed Kirke
 24553 | D:12     | Killed Kirke
 25707 | D:13     | Reached skill level 5 in Necromancy
 25707 | D:13     | Reached skill level 5 in Earth Magic
 27217 | Lair:2   | Found a one-way gate to the infinite horrors of the Abyss.
 28000 | Lair:3   | Noticed Sonja
 28168 | Lair:3   | Killed Sonja
 28293 | Lair:3   | Found a staircase to the Shoals.
 29273 | Lair:3   | Found a staircase to the Snake Pit.
 30143 | Lair:4   | Identified the +9 falchion of the Building Salmon {venom,
                  | rPois rN+ rCorr}
 30274 | Lair:5   | Entered Level 5 of the Lair of Beasts
 31134 | Lair:5   | Noticed Josephine
 31147 | Lair:5   | Killed Josephine
 31148 | Lair:5   | Reached XP level 14. HP: 76/113 MP: 24/30
 31292 | Lair:5   | Noticed Rupert
 31292 | Lair:5   | Paralysed by Rupert for 3 turns
 31307 | Lair:5   | Killed Rupert
 32558 | Lair:5   | Identified the +1 robe of Decompression {rElec rN+ Int+4}
 32577 | Lair:5   | Found a staircase to the Slime Pits.
 33419 | Orc:1    | Annihilated by an ettin

Illustrated notes

Levels and vault maps discovered:
D:1:      minmay_arrival_doors, layout_loops_ring, chequers_big_river,
          minmay_misc_feat_square
D:2:      layout_loops_cross, serial_shops, shop_fountains,
          minmay_strange_pillars
D:3:      minmay_general_purpose_star, layout_loops_corners,
          mainiacjoe_overflow_divided_tiny, nicolae_kite_square_tiling_tiny
D:4:      layout_rooms, mainiacjoe_overflow_small_starburst, uniq_natasha
D:5:      lemuel_castle_with_subvaults [lemuel_castle_interior_carwin_2],
          layout_rooms, minmay_temple_entry_from_below_a, serial_shops,
          kennysheep_mini_moat, nicolae_shop_hallway_stairs,
          nicolae_stop_n_shop_2, shop, uniq_edmund, uniq_ijyb,
          uniq_crazy_yiuf_cottage, uniq_grinder, uniq_duvessa
D:6:      layout_loops_corners, mainiacjoe_overflow_tiny_flanked,
          nicolae_shop_overcharged_wands, uniq_maggie
D:7:      layout_basic, slow_altar_1, mainiacjoe_overflow_brackets,
          uniq_menkaure
D:8:      layout_loops_cross, pdpol_wu_jian_five_deadly_venoms,
          nicolae_tso_swordbearing_angel, serial_demonic, serial_demonic_b,
          serial_demonic_b, serial_demonic_f, serial_demonic_c
D:9:      layout_rooms, fedhas_ov_isle_minmay, david_lair_generic,
          zombieorc2_lemuel, chequers_jeans, uniq_erolcha
D:10:     layout_basic, nzn_overflow_gifts_of_might_and_magic
D:11:     layout_basic, minmay_misc_feat_x, kennysheep_small_square
D:12:     layout_loops_ring, portal_ice_cave_demonic_guard, uniq_kirke
D:13:     layout_basic, gauntlet_entry_generic, grunt_decor_fettered
Lair:1:   layout_cave_pods, uniq_amaemon, uniq_nergalle
Lair:2:   layout_roguey, amcnicky_altar_lugonu_corruption
Lair:3:   layout_layer_cave, minmay_shoals_entry_beasts, dummy_snake_entry,
          serial_bayou_shore_a, uniq_sonja
Lair:4:   layout_big_grid
Lair:5:   minmay_lair_end_enchanted_forest, layout_gridlike,
          dpeg_slime_entry_enclosed, basic_altar, uniq_rupert, uniq_josephine
Orc:1:    nicolae_orc_accident_1, layout_diamond_mine, serial_shops,
          nicolae_lakefront_shop, kennysheep_orc_chapel, uniq_harold
Orc:2:    grunt_orc_gardens, layout_caves, grunt_orc_garden, grunt_orc_garden,
          grunt_orc_garden, grunt_orc_garden, basic_altar, serial_shops,
          nicolae_shop_crystal, nicolae_shop_vocational

Skill      XL: |  1  2  3  4  5  6  7  8  9 10 11 12 13 14 |
---------------+-------------------------------------------+-----
Spellcasting   | 2 3 5 8 |  8.0
Air Magic      | 3 4 6 7 8 9 10 | 10.0
Armour         | 3 7 |  7.0
Hexes          | 2 5 8 |  8.0
Fire Magic     | 2 5 8 |  8.0
Dodging        | 3 7 |  7.0
Fighting       | 2 7 |  7.0
Necromancy     | 2 8 9 |  9.2
Earth Magic    | 2 8 9 |  9.2
Stealth        | |  1.7
Conjurations   | |  0.8

Action                     |  1- 3 |  4- 6 |  7- 9 | 10-12 | 13-15 || total
---------------------------+-------+-------+-------+-------+-------++-------
  Melee: Whip              |       |    18 |    16 |   114 |    56 ||   204
         Dagger            |       |       |     3 |   102 |   100 ||   205
         Falchion          |       |       |       |       |   189 ||   189
  Throw: Dart              |       |       |    14 |    65 |    40 ||   119
   Cast: Shock             |    75 |    84 |   155 |    72 |    10 ||   396
         Airstrike         |       |     3 |   114 |    96 |   101 ||   314
         Inner Flame       |       |       |    22 |   140 |   103 ||   265
         Swiftness         |       |       |       |       |     1 ||     1
         Borgnjor's Vile C |       |       |       |       |     4 ||     4
  Evoke: Wand              |       |       |     1 |     4 |     4 ||     9
         Phial of floods   |       |       |       |       |     1 ||     1
    Use: Scroll            |       |       |     8 |     5 |     2 ||    15
         Potion            |       |       |       |     3 |       ||     3
   Stab: Sleeping          |       |       |     1 |       |       ||     1
         Paralysed         |       |       |       |       |     2 ||     2
 Armour: Robe              |     6 |    14 |     1 |       |       ||    21
         Leather armour    |       |       |    52 |    18 |       ||    70
         Skin              |       |       |     5 |       |       ||     5
         Scale mail        |       |       |       |   239 |   362 ||   601
  Dodge: Dodged            |    13 |    35 |    61 |   162 |   258 ||   529
  Block: Orb               |       |       |       |    88 |   104 ||   192
         Reflection        |       |       |       |     5 |     3 ||     8

Table legend: (Time is in decaauts)
 A = Elapsed time spent in this place.
 B = Non-inter-level travel time spent in this place.
 C = Inter-level travel time spent in this place.
 D = Time resting spent in this place.
 E = Time spent auto-exploring this place.
 F = Levels seen in this place.
 G = Mean time per level.
                   A        B        C        D        E       F      G
               +--------+--------+--------+--------+--------+-----+--------+
         Total |  33600 |  32105 |   1495 |   9817 |  16349 |  21 | 1600.0 |
       Dungeon |  21322 |  20385 |    937 |   5529 |  11395 |  13 | 1640.2 |
          Lair |   8811 |   8297 |    514 |   2493 |   4343 |   5 | 1762.2 |
  Orcish Mines |   1381 |   1337 |     44 |    518 |    435 |   2 |  690.5 |
      Ice Cave |   2085 |   2085 |      0 |   1276 |    176 |   1 | 2085.0 |
               +--------+--------+--------+--------+--------+-----+--------+

Top non-repeatable levels by time:
     D:5: 3984 daAuts
  Lair:1: 2276 daAuts
     D:8: 2251 daAuts
   IceCv: 2085 daAuts
  Lair:5: 2081 daAuts
     D:7: 1984 daAuts
    D:13: 1811 daAuts
     D:9: 1702 daAuts
  Lair:3: 1521 daAuts
  Lair:2: 1478 daAuts
  Lair:4: 1453 daAuts
    D:12: 1427 daAuts
    D:11: 1405 daAuts
     D:6: 1370 daAuts
   Orc:1: 1366 daAuts
